 Dungeon Crawl Stone Soup version 0.25-a0-353-ged6d54792d (webtiles) character file.

Game seed: 14305919340569384589, levelgen mode: classic

402468 Borgoz the Bludgeoner (level 23, -2/153 HPs)
             Began as a Gargoyle Fighter on Jan 1, 2020.
             Was the Champion of Ashenzari.
             Slain by a frost giant
             ... wielding a +1 battleaxe of freezing
              (10 damage)
             ... on level 5 of the Vaults on Jan 2, 2020.
             The game lasted 02:52:25 (60917 turns).

Borgoz the Bludgeoner (Gargoyle Fighter)           Turns: 60917, Time: 02:52:25

Health: -2/153     AC: 41    Str: 26    XL:     23   Next: 33%
Magic:  0/43       EV: 22    Int: 20    God:    Ashenzari [******]
Gold:   1726       SH:  0    Dex: 14    Spells: 35/37 levels left

rFire    + . .     SeeInvis +   a - +10 morningstar "Tiriru" {drain, rPois} (curse)
rCold    . . .     Gourm    .   C - +4 shield {reflect} (curse)
rNeg     + + .     Faith    .   x - +5 ring mail "Feorel" {rN+ Int+4 Stlth+} (curse)
rPois    ∞         Spirit   +   J - +2 hat
rElec    +         Reflect  +   n - scarf {Spirit}
rCorr    .         Harm     .   I - +2 pair of gloves {Str+3}
MR       +....     Clarity  +   i - +2 pair of boots {run} (curse)
Stlth    +.........             D - amulet of rage
HPRegen  0.35/turn              l - ring of the Mage {Wiz MR++ Int+3} (curse)
MPRegen  0.28/turn              w - ring "Fuit" {Wiz rF+ MP+9 Int+2}

@: confused, vulnerable, flying, very slightly contaminated, hasted, studying 2
skills, very quick
A: big wings, negative energy resistance 1, electricity resistance, unbreathing,
petrification resistance, rot immunity, AC +17
}: 2/15 runes: decaying, gossamer
a: Stop Flying, Curse Item, Scrying, Transfer Knowledge, Renounce Religion,
Evoke Berserk Rage


You were on level 5 of the Vaults.
You worshipped Ashenzari.
Ashenzari was exalted by your worship.
You were not hungry.

You visited 8 branches of the dungeon, and saw 40 of its levels.
You visited the Abyss 1 time.
You also visited: Trove and Gauntlet.

You collected 6383 gold pieces.
You spent 4657 gold pieces at shops.

Inventory:

Hand Weapons
 a - the cursed +10 morningstar "Tiriru" (weapon) {drain, rPois}
   (You took it off a minotaur in a Gauntlet)

   A truly terrible weapon, it drains the life of those it strikes.
   It protects you from poison.
   It has a curse placed upon it.
 b - a +4 great mace of holy wrath
Missiles
 v - 2 throwing nets (quivered)
Armour
 i - a cursed +2 pair of boots of running (worn)
 n - a scarf of spirit shield (worn)
 o - a scarf of resistance
 x - the cursed +5 ring mail "Feorel" (worn) {rN+ Int+4 Stlth+}
   (You found it in a Gauntlet)

   It affects your intelligence (+4).
   It protects you from negative energy.
   It makes you more stealthy.
   It has a curse placed upon it.
 C - a cursed +4 shield of reflection (worn)
 I - a +2 pair of gloves of strength (worn)
 J - a +2 hat (worn)
Jewellery
 l - the cursed ring of the Mage (left hand) {Wiz MR++ Int+3}
   (You found it in a treasure trove)

   [ring of wizardry]

   It improves your spell success rate.
   It affects your intelligence (+3).
   It affects your resistance to hostile enchantments.
   It has a curse placed upon it.
 w - the ring "Fuit" (right hand) {Wiz rF+ MP+9 Int+2}
   (You found it in a Gauntlet)

   [ring of wizardry]

   It improves your spell success rate.
   It affects your intelligence (+2).
   It protects you from fire.
   It affects your magic capacity (+9).
 D - an amulet of rage (around neck)
 O - an uncursed amulet of guardian spirit
Wands
 s - a wand of acid (21)
 F - a wand of iceblast (41)
 H - a wand of digging (13)
 Q - a wand of disintegration (37)
 S - a wand of clouds (11)
 T - a wand of paralysis (8)
 W - a wand of scattershot (14)
Scrolls
 e - 21 scrolls of teleportation
 g - a scroll of holy word
 h - 4 scrolls of blinking
 j - 2 scrolls of silence
 m - 19 scrolls of remove curse
 A - 3 scrolls of summoning
 E - 4 scrolls of fear
 L - a scroll of identify
 N - 6 scrolls of magic mapping
 U - 4 scrolls of fog
Potions
 c - 10 potions of curing
 d - 2 potions of ambrosia
 p - 2 potions of resistance
 r - 3 potions of agility
 B - 7 potions of haste
Books
 X - a manual of Maces & Flails
 Z - a manual of Dodging
Comestibles
 f - 49 rations
 k - 5 chunks of flesh


   Skills:
 * Level 18.8 Fighting
 + Level 20.6(24.1) Maces & Flails
 * Level 18.8 Armour
 + Level 17.4 Dodging
 - Level 12.3(15.0) Shields
 - Level 7.7 Spellcasting
 - Level 2.5 Evocations


You had 35 spell levels left.
You knew the following spells:

 Your Spells              Type           Power        Failure   Level  Hunger
a - Blink                 Tloc           N/A          4%          2    None

Your spell library contained the following spells:

 Spells                   Type           Power        Failure   Level  Hunger
 Animate Skeleton         Necr           N/A          3%          1    None
 Apportation              Tloc           #.....       3%          1    None
 Confusing Touch          Hex            #.....       3%          1    None
 Foxfire                  Conj/Fire      #...         3%          1    None
 Infusion                 Chrm           #...         3%          1    None
 Magic Dart               Conj           #...         3%          1    None
 Sandblast                Erth           #.....       3%          1    None
 Shock                    Conj/Air       #...         3%          1    None
 Summon Small Mammal      Summ           #...         3%          1    None
 Call Imp                 Summ           #.......     4%          2    None
 Corpse Rot               Necr/Air       N/A          4%          2    None
 Passwall                 Tmut/Erth      #.......     4%          2    None
 Poisonous Vapours        Pois/Air       #.....       4%          2    None
 Searing Ray              Conj           #.....       4%          2    None
 Shroud of Golubria       Chrm/Tloc      #.....       4%          2    None
 Song of Slaying          Chrm           #.......     4%          2    None
 Swiftness                Chrm/Air       #.......     4%          2    None
 Call Canine Familiar     Summ           #.......     9%          3    None
 Conjure Flame            Conj/Fire      #.......     9%          3    None
 Dazzling Flash           Conj/Hex       #.....       9%          3    None
 Inner Flame              Hex/Fire       #.......     9%          3    None
 Lesser Beckoning         Tloc           #.........   9%          3    None
 Mephitic Cloud           Conj/Pois/Air  #.......     9%          3    None
 Ozocubu's Armour         Chrm/Ice       #.......     9%          3    None
 Portal Projectile        Hex/Tloc       #.....       9%          3    None
 Recall                   Summ/Tloc      N/A          9%          3    None
 Regeneration             Chrm/Necr      #.........   9%          3    None
 Spectral Weapon          Hex/Chrm       #.......     9%          3    None
 Stone Arrow              Conj/Erth      #.....       9%          3    None
 Summon Guardian Golem    Hex/Summ       #.......     9%          3    None
 Cause Fear               Hex            #.........   28%         4    ###....
 Fulminant Prism          Conj/Hex       #.........   28%         4    ###....
 Hailstorm                Conj/Ice       #.......     28%         4    ###....
 Iskenderun's Mystic Bla  Conj/Tloc      #.......     28%         4    ###....
 Leda's Liquefaction      Hex/Erth       #.........   28%         4    ###....
 Passage of Golubria      Tloc           N/A          28%         4    ###....
 Petrify                  Tmut/Erth      #.......     28%         4    ###....
 Sticky Flame             Conj/Fire      #.......     28%         4    ###....
 Summon Ice Beast         Ice/Summ       #.......     28%         4    ###....
 Summon Lightning Spire   Summ/Air       #.......     28%         4    ###....
 Agony                    Necr           #.......     58%         5    #####..
 Alistair's Intoxication  Tmut/Pois      #.......     58%         5    #####..
 Bolt of Magma            Conj/Fire/Erth #.........   58%         5    #####..
 Dispel Undead            Necr           #.......     58%         5    #####..
 Excruciating Wounds      Chrm/Necr      #.........   58%         5    #####..
 Fireball                 Conj/Fire      #.........   58%         5    #####..
 Irradiate                Conj/Tmut      #.........   58%         5    #####..
 Lee's Rapid Deconstruct  Erth           #.........   58%         5    #####..
 Silence                  Hex/Air        #.........   58%         5    #####..
 Summon Demon             Summ           #.........   58%         5    #####..
 Summon Forest            Summ/Tloc      #.........   58%         5    #####..
 Yara's Violent Unravell  Hex/Tmut       #.........   58%         5    #####..
 Deflect Missiles         Chrm/Air       #.........   98%         6    ######.
 Freezing Cloud           Conj/Ice/Air   #.........   98%         6    ######.
 Hydra Form               Tmut           #.........   98%         6    ######.
 Iron Shot                Conj/Erth      #.........   98%         6    ######.
 Ozocubu's Refrigeration  Ice            #.........   98%         6    ######.
 Dragon Form              Tmut           #.........   100%        7    #######
 Ring of Flames           Chrm/Fire      #.........   100%        7    #######
 Summon Hydra             Summ           #.........   100%        7    #######
 Discord                  Hex            #.........   100%        8    #######
 Dragon's Call            Summ           #.........   100%        9    #######
 Shatter                  Erth           #.........   100%        9    #######
 Sublimation of Blood     Necr           Unusable     N/A         2    N/A
 Statue Form              Tmut/Erth      Unusable     N/A         6    N/A

Dungeon Overview and Level Annotations

Branches:
Dungeon (15/15)            Temple (1/1) D:7            Lair (6/6) D:9
  Swamp (4/4) Lair:4       Spider (4/4) Lair:4        Slime (0/5) Lair:6
    Orc (2/2) D:12            Elf (3/3) Orc:2        Vaults (5/5) D:13
  Crypt (0/3) Vaults:2     Depths (0/5) D:15        Gauntlet (visited)

Altars:
Ashenzari
Cheibriados
Dithmenos
Elyvilon
Fedhas
Gozag
Hepliaklqana
Kikubaaqudgha
Makhleb
Nemelex Xobeh
Okawaru
Qazlal
Ru
Sif Muna
Trog
Uskayaw
Vehumet
Wu Jian
Xom
Yredelemnul
Zin
The Shining One
Beogh

Shops:
D:6 *   D:7 *   Orc:2 ?!:((   Elf:1 *   Elf:2 }

Portals:
Pandemonium: Orc:2


Innate Abilities, Weirdness & Mutations

You are resistant to torment.
Your stone body is resilient. (AC +17)
You are immune to poison.
Your large and strong wings let you fly indefinitely.
You resist negative energy. (rN+)
You are resistant to electric shocks. (rElec)
You can survive without breathing.
You are immune to petrification.
You are immune to rotting.


Message History

You hear a horrible gurgling sound! x2; You hear a shout! x4
The vault warden blocks your attack.
The vault warden is severely wounded.
The tengu reaver completely misses you.
The tengu reaver pecks you but does no damage.
The tengu reaver claws you.
* * * LOW HITPOINT WARNING * * *
The lich touches you but does no damage.
The jumping spider leaps!
The vault warden hits you with a +1 war axe of draining!
* * * LOW HITPOINT WARNING * * *
You hit the vault warden but do no damage.
You drain the vault warden.
The vault warden is severely wounded.
The shadow dragon bites you but does no damage.
The shadow dragon closely misses you. x2; The stone giant closely misses you.
The tengu reaver closely misses you. The tengu reaver misses you.
The tengu reaver completely misses you.
The frost giant hits you with a +1 battleaxe of freezing!
You die...

* ,,,* , **,, , *,
*, ,, , , ..
,#....# *,, * ** ,
,^..,*#....#,,# ,
,, ,, ,, ,, .(.#
#....# .# .,,,, , ,
,,
,...)##....#..#.. *
* * ,*,,, ,
#.).#..§.#..... , ,
,,, *** *
#)(e*...*....., , ,
** *
*####YcQpC°..####*
** , ,,
....CpL@Qcs(.... ,
,,,, , ,
....ccDCQe(..... ,
, , , , ,
,....cCDCcW...... ,
, , , ,,
..(..ppp..(.....
,,,,, ***
**####......(.####*
* * ,,, ,,,,,
............, *,,,
* , ,,,
,,,,.(..#....#....
, , ** ** ,
*##..#..(.#...., ,
, , * * ,, **, *,,
, , , ,,*


You could see 2 shadow dragons, 2 ironheart preservers, a frost giant, 2 stone
giants, a vault warden, 3 tengu reavers, a lich, 2 ettins, 2 vault sentinels, a
phantasmal warrior, 6 yaktaurs, 2 deep elf magi, a jumping spider shaped
shifter, an ice beast and 2 battlespheres.

Vanquished Creatures
  Saint Roka (Orc:1)
  Nikola (Spider:2)
  Arachne (Spider:1)
  2 liches (Vaults:4)
  2 tentacled monstrosities (Vaults:5)
  3 deep elf blademasters
  A titan (Vaults:4)
  Gastronok (Lair:1)
  2 sphinxes (Vaults:4)
  A storm dragon (Elf:2)
  Roxanne (Spider:3)
  Agnes (Elf:2)
  2 shadow dragons
  6 thorn hunters
  A tengu reaver (Vaults:4)
  Donald (Swamp:4)
  An orc warlord (Vaults:4)
  7 vault wardens
  3 emperor scorpions
  8 deep elf sorcerers
  Aizul (Swamp:1)
  The ghost of Goblin1989 the Prestidigitator, a journeyman DDFi of Makhleb (Orc:1)
  4 frost giants
  A hydra zombie (Swamp:4)
  6 ghost moths
  A war gargoyle (Vaults:3)
  6 deep elf elementalists (Elf:3)
  2 ghouls (Swamp:4)
  11 ironheart preservers
  A very ugly thing (Vaults:4)
  6 entropy weavers
  9 stone giants
  2 vampire knights (Swamp:4)
  6 deep elf annihilators
  The ghost of Baiput the Cleaver, a journeyman GrFi of Cheibriados (Lair:5)
  8 deep elf demonologists
  A minotaur (Gauntlet)
  2 spark wasps (Spider:4)
  10 deep elf death magi
  The ghost of Senaowesu the Acrobat, a journeyman SpGl of Wu Jian (Elf:1)
  7 ettins
  2 fire dragons
  2 crystal guardians (Vaults:2)
  5 great orbs of eyes
  A death ooze (Gauntlet)
  7 ice dragons
  8 yaktaur captains
  6 deep elf high priests
  Harold (D:10)
  4 rakshasas
  21 hydras
  2 ghost crabs
  27 vault guards
  11 ogre magi
  3 death knights
  The ghost of MirrMurr the Unseen, a journeyman SpEn of Dithmenos (Lair:3)
  5 centaur warriors
  A two-headed ogre (shapeshifter) (Elf:1)
  A tengu warrior (D:13)
  6 shambling mangroves
  17 alligators
  22 dancing weapons
  A queen ant (Spider:1)
  27 two-headed ogres
  6 orc high priests (Orc:2)
  A small abomination (Elf:2)
  A deep troll earth mage (Vaults:4)
  3 death yaks (Lair:6)
  A shock serpent (shapeshifter) (Elf:2)
  21 deep elf knights
  A spriggan (Swamp:2)
  A titan skeleton (D:15)
  9 skeletal warriors
  A sea snake (shapeshifter) (Vaults:2)
  3 deep trolls (Vaults:4)
  A torturous demonspawn (Orc:2)
  2 spriggan druids (Swamp:4)
  11 swamp dragons
  2 gelid demonspawn (Orc:2)
  5 flayed ghosts
  2 spectral hydras
  4 wizards
  A lindwurm (Lair:5)
  65 deep elf magi
  13 ironbrand convokers
  11 deep elf archers
  2 harpies
  18 orc knights
  15 orb spiders
  3 phantasmal warriors
  2 necromancers
  5 oklob plants
  7 orc sorcerers
  A sphinx zombie (D:15)
  22 ugly things
  A frost giant zombie (D:15)
  20 wolf spiders
  3 manticores
  5 cyclopes
  2 moths of wrath
  2 centaur zombies (D:10)
  17 vault sentinels
  5 black mambas
  Maurice (D:13)
  2 torpor snails
  2 centaur skeletons
  An orange demon (Orc:2)
  32 spiny frogs
  A yaktaur zombie (D:15)
  4 rime drakes
  A yaktaur (shapeshifter) (Elf:1)
  10 freezing wraiths
  A kobold demonologist (D:12)
  An efreet (D:14)
  16 demonic crawlers
  41 yaktaurs
  A komodo dragon (shapeshifter) (D:14)
  An ice devil (Orc:2)
  13 komodo dragons
  A hellwing (Orc:2)
  A guardian mummy (D:15)
  5 trolls
  A polar bear (shapeshifter) (Vaults:4)
  20 jumping spiders
  A meliai (shapeshifter) (Vaults:3)
  A queen bee (shapeshifter) (Vaults:4)
  3 death drake zombies (Swamp:4)
  A wind drake (shapeshifter) (Elf:2)
  12 hornets
  7 meliai
  A jumping spider (shapeshifter) (D:15)
  3 polar bears
  Grinder (D:3)
  25 slime creatures
  Prince Ribbit (D:6)
  17 tyrant leeches
  24 blink frogs
  2 hydra skeletons (Swamp:4)
  4 air elementals
  7 hippogriffs
  2 bog bodies
  Sigmund (D:3)
  2 vampires
  A ynoxinul (Orc:2)
  A human (shapeshifter) (D:15)
  3 shadows
  25 tarantellas
  68 redbacks
  4 basilisks
  A spriggan (shapeshifter) (D:14)
  7 wraiths
  A basilisk (shapeshifter) (Vaults:2)
  2 wyverns
  3 water elementals
  4 fire elementals
  5 hungry ghosts
  40 yaks
  Eustachio (D:6)
  A steam dragon (D:10)
  Grum (D:8)
  20 humans (D:13)
  20 vampire mosquitoes
  6 wargs
  15 insubstantial wisps
  17 swamp worms
  25 soldier ants
  A soldier ant (shapeshifter) (Vaults:3)
  7 hydra simulacra (Swamp:4)
  10 water moccasins
  Duvessa (D:6)
  5 porcupines
  46 orc warriors
  A hornet zombie (D:7)
  3 sky beasts
  5 swamp drakes
  6 ice beasts
  A black bear (D:8)
  2 wolves (D:8)
  3 phantoms (D:5)
  A swamp dragon zombie (Swamp:4)
  2 necrophages
  24 ogres
  4 boggarts (Vaults:2)
  5 centaurs
  8 crocodiles
  2 big kobolds
  25 bullfrogs
  9 earth elementals
  A wyvern zombie (D:9)
  Dowan (D:6)
  9 scorpions
  24 killer bees
  11 wights
  2 vampire bats (D:4)
  3 electric eels
  A human simulacrum (Vaults:1)
  8 crimson imps
  2 starcursed masses (D:13)
  2 bullfrog zombies
  Crazy Yiuf (D:6)
  26 orc priests
  3 bullfrog skeletons
  3 hounds (D:9)
  8 jellies
  19 orc wizards
  4 iguanas
  25 worker ants
  A killer bee zombie (D:8)
  A hound zombie (D:10)
  4 hound skeletons
  A worker ant zombie (D:6)
  Robin (D:3)
  A howler monkey skeleton (D:6)
  14 adders
  4 shadow imps
  3 oozes
  2 worms
  A worm (shapeshifter) (D:15)
  7 leopard geckos
  121 orcs
  3 ball pythons
  A bat skeleton (D:4)
  5 bat zombies (D:4)
  5 giant cockroaches
  8 goblins
  13 hobgoblins
  9 jackals
  4 quokkas
  6 bats
  6 frilled lizards
  A jackal skeleton (D:6)
  9 kobolds
  A quokka zombie (D:2)
  8 rats
  A briar patch (Swamp:4)
  A butterfly (Lair:4)
  A crawling corpse (Elf:2)
  4 fungi (D:7)
  A plant (Lair:1)
1723 creatures vanquished.

Vanquished Creatures (others)
  A lich (Vaults:5)
  A deep elf master archer (Elf:3)
  A fire giant (Vaults:5)
  An iron dragon (Vaults:5)
  2 vault wardens (Vaults:5)
  An ironheart preserver (Vaults:5)
  A stone giant (Vaults:5)
  An ogre mage (Vaults:5)
  2 yaktaur captains
  3 vault guards (Vaults:5)
  A centaur warrior (Vaults:2)
  A dancing weapon (Elf:2)
  A deep elf knight (Vaults:4)
  A deep elf archer (Elf:2)
  4 deep elf magi
  An oklob plant (Swamp:2)
  A yaktaur (shapeshifter) (Vaults:5)
  5 yaktaurs
  A dream sheep (shapeshifter) (Vaults:5)
  2 orc warriors (Elf:2)
  A swamp drake (Swamp:4)
  A centaur (Vaults:3)
  An orc priest (Elf:2)
  2 orc wizards
  2 worker ants (Spider:1)
  7 orcs
  4 briar patches (Swamp:4)
  14 demonic plants (Gauntlet)
  26 fungi
  60 plants
150 creatures vanquished.

Grand Total: 1873 creatures vanquished

Notes
Turn   | Place    | Note
-------+----------+-------------------------------------------
     0 | D:1      | Borgoz the Gargoyle Fighter began the quest for the Orb.
     0 | D:1      | Reached XP level 1. HP: 14/14 MP: 1/1
    97 | D:1      | Reached XP level 2. HP: 12/19 MP: 2/2
   769 | D:2      | Reached XP level 3. HP: 8/23 MP: 3/3
  1031 | D:2      | Found a faded altar of an unknown god.
  1161 | D:2      | Reached skill level 1 in Dodging
  1434 | D:2      | Reached skill level 3 in Maces & Flails
  1434 | D:2      | Reached XP level 4. HP: 25/29 MP: 4/4
  2027 | D:3      | Found a sacrificial altar of Ru.
  2035 | D:3      | Noticed Sigmund
  2083 | D:3      | Killed Sigmund
  2083 | D:3      | Reached skill level 4 in Maces & Flails
  2083 | D:3      | Reached XP level 5. HP: 18/33 MP: 5/5
  2083 | D:3      | Reached XP level 6. HP: 21/38 MP: 6/6
  2273 | D:3      | Noticed Robin
  2345 | D:3      | Killed Robin
  2586 | D:3      | Noticed Grinder
  2608 | D:3      | Paralysed by Grinder for 5 turns
  2618 | D:3      | Killed Grinder
  2618 | D:3      | Reached XP level 7. HP: 35/44 MP: 7/7
  2649 | D:3      | Reached skill level 5 in Maces & Flails
  3076 | D:4      | Found an ancient bone altar of Kikubaaqudgha.
  3089 | D:4      | Reached skill level 5 in Fighting
  3101 | D:4      | Reached skill level 5 in Armour
  3472 | D:4      | Reached XP level 8. HP: 30/50 MP: 8/8
  3652 | D:4      | Reached skill level 6 in Maces & Flails
  4052 | D:5      | Entered Level 5 of the Dungeon
  4318 | D:5      | Found a large runed translucent door.
  4326 | D:5      | Found a large runed translucent door.
  4389 | D:5      | Reached skill level 7 in Maces & Flails
  4434 | D:5      | Found a large runed translucent door.
  4434 | D:5      | Found a large runed translucent door.
  4672 | D:5      | Identified the Tome of Assistive Orientation
  4756 | D:5      | Reached XP level 9. HP: 36/56 MP: 9/9
  5024 | D:6      | Noticed Eustachio
  5102 | D:6      | Killed Eustachio
  5300 | D:6      | Reached skill level 8 in Maces & Flails
  5317 | D:6      | Noticed Prince Ribbit
  5332 | D:6      | Killed Prince Ribbit
  5352 | D:6      | Noticed Dowan
  5352 | D:6      | Noticed Duvessa
  5370 | D:6      | Killed Duvessa
  5379 | D:6      | Killed Dowan
  5459 | D:6      | Found Nesaar's General Store.
  5836 | D:6      | Found a runed translucent door.
  5837 | D:6      | Noticed Crazy Yiuf
  6365 | D:6      | Killed Crazy Yiuf
  6558 | D:7      | Found a staircase to the Ecumenical Temple.
  6567 | Temple   | Entered the Ecumenical Temple
  6615 | Temple   | Became a worshipper of Ashenzari the Shackled
  6777 | D:7      | Found Ijosyp's Assorted Antiques.
  6865 | D:7      | Reached skill level 9 in Maces & Flails
  6865 | D:7      | Reached XP level 10. HP: 55/63 MP: 10/10
  6878 | D:7      | Reached skill level 5 in Dodging
  7022 | D:7      | Found a hazy altar of Hepliaklqana.
  7023 | D:7      | Found a white marble altar of Elyvilon.
  7030 | D:7      | Found an iron altar of Okawaru.
  7030 | D:7      | Found a sparkling altar of Nemelex Xobeh.
  8177 | D:8      | Identified Sif Muna's Papyrus of Displacement and
                  | Augmentations
  8254 | D:8      | Noticed Grum
  8721 | D:8      | Killed Grum
  8972 | D:8      | Reached * piety under Ashenzari
  9305 | D:8      | Reached skill level 10 in Maces & Flails
  9875 | D:9      | Reached XP level 11. HP: 62/69 MP: 11/11
  9972 | D:9      | Found a roughly hewn altar of Beogh.
 10120 | D:9      | Found a staircase to the Lair.
 10409 | D:10     | Entered Level 10 of the Dungeon
 10413 | D:10     | Noticed Harold
 10531 | D:10     | Noticed a two-headed ogre
 10566 | D:9      | Killed a two-headed ogre
 10874 | D:10     | Killed Harold
 11627 | D:10     | Reached skill level 11 in Maces & Flails
 12434 | D:11     | Noticed a manticore
 12452 | D:11     | Killed a manticore
 12452 | D:11     | Reached skill level 10 in Fighting
 12658 | D:11     | Noticed a green ugly thing
 12659 | D:11     | Noticed a manticore
 12696 | D:10     | Killed a manticore
 12696 | D:10     | Reached skill level 10 in Armour
 12888 | D:11     | Noticed a deep elf mage
 13388 | D:11     | Killed a deep elf mage
 13388 | D:11     | Reached XP level 12. HP: 71/78 MP: 12/12
 13966 | D:12     | Found a staircase to the Orcish Mines.
 14201 | D:12     | Reached ** piety under Ashenzari
 14494 | D:12     | Identified a +0 pair of boots of running (You found it on
                  | level 12 of the Dungeon)
 14730 | D:13     | Noticed a centaur warrior
 14748 | D:12     | Killed a centaur warrior
 14889 | D:13     | Got the cursed leather armour "Senediups" {rN+}
 14951 | D:13     | Noticed a tengu warrior
 14974 | D:13     | Killed a tengu warrior
 15050 | D:13     | Found a snail-covered altar of Cheibriados.
 15111 | D:13     | Found a portal to a secret trove of treasure.
 15114 | D:13     | Noticed Maurice
 15124 | D:13     | Killed Maurice
 15187 | D:13     | Reached skill level 12 in Maces & Flails
 15291 | D:13     | Cast into level 2 of the Abyss (a wizard)
 15316 | Abyss:2  | Noticed a starcursed mass
 15376 | Abyss:2  | HP: 4/80 [starcursed mass/accursed screaming (6)]
 15396 | D:13     | Escaped the Abyss
 15902 | D:13     | Found a gate to the Vaults.
 15902 | D:13     | Noticed a vault guard
 15903 | D:13     | Noticed a vault guard
 15926 | D:13     | Reached XP level 13. HP: 80/84 MP: 13/13
 15958 | D:13     | Killed a vault guard
 15966 | D:13     | Killed a vault guard
 16250 | D:13     | Noticed a rakshasa
 16258 | D:13     | Killed a rakshasa
 17479 | D:15     | Entered Level 15 of the Dungeon
 17542 | D:15     | Noticed a great orb of eyes
 17567 | D:15     | Paralysed by a great orb of eyes for 2 turns
 17571 | D:15     | Killed a great orb of eyes
 17607 | D:15     | Noticed a frost giant
 17615 | D:15     | Killed a frost giant
 17902 | D:15     | Found a staircase to the Depths.
 17936 | D:14     | Reached skill level 13 in Maces & Flails
 18870 | D:15     | Gained mutation: Your large and strong wings let you fly
                  | indefinitely. [Gargoyle growth]
 18870 | D:15     | Reached XP level 14. HP: 92/92 MP: 14/14
 19464 | D:6      | Got the mace of Honour {protect, rElec rPois Int+4}
 19465 | D:6      | Identified the +8 mace of Honour {protect, rElec rPois
                  | Int+4} (You found it on level 6 of the Dungeon)
 19563 | Lair:1   | Entered Level 1 of the Lair of Beasts
 19850 | Lair:1   | Noticed Gastronok
 19870 | Lair:1   | Killed Gastronok
 20016 | Lair:1   | Reached skill level 10 in Dodging
 20330 | Lair:1   | Reached *** piety under Ashenzari
 22273 | Lair:3   | Found a runed translucent door.
 22273 | Lair:3   | Noticed MirrMurr's ghost (journeyman SpEn)
 22392 | Lair:3   | Killed MirrMurr's ghost
 23469 | Lair:4   | Found a hole to the Spider Nest.
 23856 | Lair:4   | Found a staircase to the Swamp.
 24135 | Lair:5   | Found a transporter.
 24243 | Lair:5   | Found a transporter.
 24246 | Lair:5   | Noticed Baiput's ghost (journeyman GrFi)
 24271 | Lair:5   | Reached **** piety under Ashenzari
 24638 | Lair:6   | Entered Level 6 of the Lair of Beasts
 24710 | Lair:6   | Got the hand crossbow of Houl {flame, rElec Dex+2 Stlth-}
 24723 | Lair:6   | Found a gate leading to a gauntlet.
 24741 | Lair:6   | Reached skill level 14 in Maces & Flails
 24795 | Gauntlet | Entered a Gauntlet
 24795 | Gauntlet | Found a transporter.
 24804 | Gauntlet | Found a transporter.
 24819 | Gauntlet | Found a transporter.
 24824 | Gauntlet | Found a transporter.
 24843 | Gauntlet | Found a transporter.
 24858 | Gauntlet | Found a transporter.
 24870 | Gauntlet | Found a transporter.
 24882 | Gauntlet | Found a transporter.
 24882 | Gauntlet | Noticed a cacodemon
 24894 | Gauntlet | Found a transporter.
 24897 | Gauntlet | Identified the ring "Fuit" {Wiz rF+ MP+9 Int+2}
 24906 | Gauntlet | Found a transporter.
 24925 | Gauntlet | Found a transporter.
 24940 | Gauntlet | Found a transporter.
 24942 | Gauntlet | Found a transporter.
 24972 | Gauntlet | Found a transporter.
 24974 | Gauntlet | Found a transporter.
 25000 | Gauntlet | Found a transporter.
 25002 | Gauntlet | Found a transporter.
 25004 | Gauntlet | Found a transporter.
 25241 | Gauntlet | Reached XP level 15. HP: 75/100 MP: 13/15
 25268 | Gauntlet | Got the uncursed ring mail "Feorel" {rN+ Int+4 Stlth+}
 25285 | Gauntlet | Identified the +5 ring mail "Feorel" {rN+ Int+4 Stlth+}
                  | (You found it in a Gauntlet)
 25343 | Gauntlet | Identified the +10 morningstar "Tiriru" {drain, rPois}
 25343 | Gauntlet | Identified the cursed +0 chain mail of Indemnity {SInv}
 25372 | Gauntlet | Identified the Handbook of the Compass
 25374 | Gauntlet | Got the uncursed robe of the Meadowlark {Str+4 Int+3}
 25376 | Gauntlet | Identified the Incunabulum of Moulding
 26430 | Lair:6   | Found a staircase to the Slime Pits.
 27249 | Lair:6   | Got the mace of the Grave {drain, rC+ Int+2 Dex+3}
 27529 | Lair:1   | Identified the +10 mace of the Grave {drain, rC+ Int+2
                  | Dex+3} (You found it on level 6 of the Lair of Beasts)
 27676 | D:13     | You paid a toll of 6 scrolls of blinking to enter a
                  | treasure trove
 27677 | Trove    | Entered a treasure trove
 27683 | Trove    | Found the cursed ring of the Mage {Wiz MR++ Int+3}
 28686 | Lair:5   | Killed Baiput's ghost
 28710 | Lair:5   | Identified a +0 pair of boots of running (You found it on
                  | level 5 of the Lair of Beasts)
 28994 | Orc:1    | Entered Level 1 of the Orcish Mines
 29277 | Orc:1    | Found a runed translucent door.
 29283 | Orc:1    | Found a shimmering altar of Xom.
 29283 | Orc:1    | Noticed Goblin1989's ghost (journeyman DDFi)
 29304 | Orc:1    | Killed Goblin1989's ghost
 29338 | Orc:2    | Entered Level 2 of the Orcish Mines
 29448 | Orc:2    | Found Woiluarch's Antique Weapon Shop.
 29714 | Orc:2    | Found a staircase to the Elven Halls.
 29779 | Orc:2    | Noticed Saint Roka
 30197 | Orc:1    | Killed Saint Roka
 30716 | Orc:2    | Found Numasigyawk's Magic Scroll Shoppe.
 30717 | Orc:2    | Found Uthrag's Distillery.
 30909 | Orc:2    | Reached XP level 16. HP: 86/107 MP: 16/16
 31160 | Orc:2    | Reached skill level 15 in Maces & Flails
 31221 | Orc:2    | Reached skill level 15 in Fighting
 31235 | Orc:2    | Found Verphuenk's Antique Weapon Shop.
 31235 | Orc:2    | Found Caphuty's Book Boutique.
 31238 | Orc:2    | Found a one-way gate leading to the halls of Pandemonium.
 31286 | Orc:2    | Bought a potion of berserk rage for 60 gold pieces
 31288 | Orc:2    | Bought a scroll of acquirement for 728 gold pieces
 31637 | Lair:1   | Learned a level 2 spell: Blink
 31743 | Swamp:1  | Entered Level 1 of the Swamp
 31840 | Swamp:1  | Reached skill level 15 in Armour
 32106 | Swamp:1  | Reached skill level 1 in Spellcasting
 32166 | Swamp:1  | Noticed Aizul
 32190 | Swamp:1  | Killed Aizul
 32703 | Swamp:1  | Reached ***** piety under Ashenzari
 33956 | Swamp:2  | Noticed a thorn hunter
 33968 | Swamp:2  | Killed a thorn hunter
 34906 | Swamp:3  | Reached XP level 17. HP: 81/113 MP: 20/20
 35626 | Swamp:4  | Entered Level 4 of the Swamp
 35634 | Swamp:4  | Noticed Donald
 35662 | Swamp:4  | Killed Donald
 35662 | Swamp:4  | Reached skill level 16 in Maces & Flails
 38103 | Swamp:4  | Found a blossoming altar of Fedhas.
 38112 | Swamp:4  | Found a basalt altar of Yredelemnul.
 38671 | Swamp:4  | Got a decaying rune of Zot
 39188 | Spider:1 | Entered Level 1 of the Spider Nest
 39206 | Spider:1 | Reached skill level 5 in Shields
 39736 | Spider:1 | Reached XP level 18. HP: 116/120 MP: 23/23
 40713 | Spider:2 | Noticed Arachne
 40742 | Spider:1 | Killed Arachne
 40993 | Spider:2 | Noticed Nikola
 41030 | Spider:2 | Killed Nikola
 41513 | Spider:2 | Reached skill level 17 in Maces & Flails
 41853 | Spider:3 | Noticed Roxanne
 42015 | Spider:3 | Killed Roxanne
 42553 | Spider:4 | Entered Level 4 of the Spider Nest
 42568 | Spider:3 | Reached skill level 5 in Spellcasting
 44012 | Spider:4 | Reached XP level 19. HP: 104/127 MP: 27/27
 44797 | Spider:4 | Got a gossamer rune of Zot
 45042 | Lair:1   | Identified the +1 robe of the Meadowlark {Str+4 Int+3} (You
                  | found it in a Gauntlet)
 45042 | Lair:1   | Identified the cursed +1 leather armour "Senediups" {rN+}
                  | (You found it on level 13 of the Dungeon)
 45178 | Vaults:1 | Entered Level 1 of the Vaults
 47403 | Vaults:2 | Reached skill level 18 in Maces & Flails
 47447 | Vaults:2 | Found a staircase to the Crypt.
 47447 | Vaults:2 | Found a basalt altar of Yredelemnul.
 47448 | Vaults:2 | Found an ancient bone altar of Kikubaaqudgha.
 47848 | Vaults:2 | Reached skill level 15 in Dodging
 47986 | Vaults:2 | Reached XP level 20. HP: 123/133 MP: 30/30
 48177 | Vaults:2 | Reached ****** piety under Ashenzari
 49798 | Vaults:3 | Found a sparkling altar of Nemelex Xobeh.
 50800 | Vaults:4 | Noticed a lich
 50810 | Vaults:4 | Killed a lich
 50810 | Vaults:4 | Reached skill level 1 in Evocations
 51003 | Vaults:4 | Reached XP level 21. HP: 111/139 MP: 31/32
 51511 | Vaults:4 | Reached skill level 19 in Maces & Flails
 51959 | Vaults:4 | Reached skill level 10 in Shields
 52673 | D:6      | Bought a potion of berserk rage for 65 gold pieces
 52673 | D:6      | Bought a scroll of teleportation for 39 gold pieces
 52701 | D:7      | Bought a pair of runed gloves for 255 gold pieces
 53264 | Elf:1    | Entered Level 1 of the Elven Halls
 53359 | Elf:1    | Identified the +6 falchion of Ebanaucy {slice, rF+}
 53479 | Elf:1    | Found Xiblum's Assorted Antiques.
 53544 | Elf:1    | Bought a potion of heal wounds for 195 gold pieces
 53836 | Elf:1    | Found a runed translucent door.
 53836 | Elf:1    | Noticed Senaowesu's ghost (journeyman SpGl)
 53866 | Elf:1    | Killed Senaowesu's ghost
 53870 | Elf:1    | Identified the Grimoire of the Compass and Snow
 54297 | Elf:2    | Found Joniom's Gadget Emporium.
 54331 | Elf:2    | Noticed Agnes
 54344 | Elf:2    | Killed Agnes
 54391 | Elf:2    | Identified the +3 leather armour of Undesirable Species
                  | {MR+ rCorr Str+3}
 54771 | Elf:2    | Found a runed translucent gate.
 54771 | Elf:2    | Found a runed translucent gate.
 54771 | Elf:2    | Found a runed translucent gate.
 54771 | Elf:2    | Found a runed translucent gate.
 54771 | Elf:2    | Found a runed translucent gate.
 54780 | Elf:2    | Found a runed translucent gate.
 55109 | Elf:2    | Found a huge runed translucent gate.
 55109 | Elf:2    | Found a huge runed translucent gate.
 55109 | Elf:2    | Found a huge runed translucent gate.
 55114 | Elf:2    | Found a huge runed translucent gate.
 55115 | Elf:2    | Found a huge runed translucent gate.
 55301 | Elf:2    | Reached XP level 22. HP: 116/146 MP: 33/33
 55366 | Elf:2    | Found an ancient bone altar of Kikubaaqudgha.
 56148 | Elf:3    | Entered Level 3 of the Elven Halls
 56848 | Elf:3    | Identified the +1 ring mail of Wu Jian's Benevolence {rElec
                  | rN+ Str+3}
 56951 | Elf:3    | Identified the +7 battleaxe "Beastbane" {chop, +Inv rC+
                  | Int+3}
 56956 | Elf:3    | Reached skill level 20 in Maces & Flails
 57188 | Elf:3    | Identified the +0 leather armour of Inaction {*Contam Int+2
                  | Dex+8}
 57746 | Elf:3    | Identified the cursed +1 hand crossbow "Huirphomn" {flame,
                  | rPois rN+ SInv Stlth+}
 57784 | Elf:3    | Identified the Disquisition on Gliding Creation
 57865 | Elf:3    | Identified the +1 hunting sling of Zaog {flame, rElec rC+}
 58781 | Elf:1    | Bought the +2 robe of Vines {NoPotionHeal Regen+7} for 3120
                  | gold pieces
 58781 | Elf:1    | Found the +2 robe of Vines {NoPotionHeal Regen+7}
 58781 | Elf:1    | Bought a diamond ring for 195 gold pieces
 59416 | Vaults:5 | Entered Level 5 of the Vaults
 59906 | Vaults:4 | Reached XP level 23. HP: 153/153 MP: 34/34
 60916 | Vaults:5 | HP: 6/153 [vault warden/+1 war axe of draining (8)]
 60917 | Vaults:5 | Slain by a frost giant

Levels and vault maps discovered:
D:1:      onia_arrival_mini_spirals, layout_rooms
D:2:      layout_loops_corners, chequers_ecumenical_altar_lobes, minmay_unequal
D:3:      layout_basic, overflow_temple_1_default, uniq_robin, uniq_sigmund,
          uniq_grinder
D:4:      minmay_octagon_keep, layout_basic, kennysheep_vampire_church,
          first_ration
D:5:      layout_loops_cross, kennysheep_doodads, minmay_hollow_rounded_squares
D:6:      layout_loops_ring, serial_shops, nicolae_shop_stone,
          uniq_prince_ribbit1, uniq_eustachio, uniq_crazy_yiuf_cottage,
          uniq_duvessa
D:7:      layout_gridville, grunt_temple_overflow_open,
          lemuel_temple_firewalk_a, serial_shops, shop_statue,
          water_boxes_lemuel
D:8:      minmay_evil_eye, layout_basic, blue_anna_alchemist
          [blue_anna_fruit_fields, blue_anna_fruit_fields], uniq_grum
D:9:      layout_roguey [special_room_orc], lair_entry_dummy, st_stairs_3
D:10:     kennysheep_ambush_hall, layout_basic, uniq_harold
D:11:     layout_cross
D:12:     layout_roguey, david_orc_2
D:13:     layout_basic, grunt_vaults_entry_tiered,
          nicolae_trove_entry_free_sample, cheibriados_altar_1, uniq_maurice
D:14:     layout_roguey
D:15:     gammafunk_depths_entry_grave, layout_basic, minmay_crystal_water,
          minivault_28
Temple:   eino_temple_rhombus
Lair:1:   layout_concentric_octagons, beast_lair_carwin_8, serial_bayou_shore_b,
          uniq_gastronok
Lair:2:   layout_misc_corridors, serial_bayou_shore_b,
          infiniplex_staircase_pool_2, minmay_lair_oklob_chamber
Lair:3:   layout_cave_pods, ebering_ghost_reflecting_pool
Lair:4:   layout_big_grid, minmay_swamp_entry_worms, dummy_spider_entry,
          chequers_serial_rivers_micro_a, beast_lair_carwin_6,
          lemuel_fruit_fields
Lair:5:   layout_roguey, gammafunk_ghost_berserking_beasts
Lair:6:   minmay_lair_end_frog_pond, layout_gridlike,
          nicolae_slime_entry_slimehenge, gauntlet_entry_generic
Swamp:1:  layout_falls_marsh, evilmike_swamp_ruin_house_4, uniq_aizul
Swamp:2:  layout_falls_marsh, evilmike_swamp_ruin_house_2, swamp_pool2,
          nicolae_swamp_oklob_treasure_island
Swamp:3:  layout_basic_swamp, hangedman_swamp_blocks
Swamp:4:  byrel_swamp_growth_death_and_undeath, layout_basic_swamp, swamp_pool2,
          hangedman_swamp_cone, ldierk_geyser, uniq_donald
Spider:1: layout_spider_delve, drop_trap, zaba_anthell
Spider:2: layout_spider_delve, hangedman_stitches_earthworm, uniq_arachne,
          uniq_nikola
Spider:3: layout_spider_delve, uniq_roxanne
Spider:4: grunt_spider_rune_island
Orc:1:    layout_caves, ebering_ghost_xom
Orc:2:    pf_orc_diabolical, layout_caves, serial_shops, shop,
          statue_in_the_mist_lemuel, uniq_saint_roka
Elf:1:    eino_elf_arrival_shootout, layout_geoelf_octagon,
          gammafunk_ghost_grave, serial_shops, shop, hangedman_elf_represent
Elf:2:    layout_geoelf_diagonals, basic_altar, serial_shops,
          nicolae_shop_waterfront, orc_legates, uniq_agnes
Elf:3:    grunt_elf_hall_spiral, layout_loops_corners,
          nicolae_elf_big_sculpture_2
Vaults:1: v_rooms_1, ontoclasm_vaults_spin, vaults_mumra_chevron, v_misc_1,
          hangedman_vaults_nodes, hangedman_vaults_variations,
          nicolae_vaults_quartermaster, nicolae_vaults_hallways_thing,
          grunt_vaults_twisty, layout_vaults_maze_snakey
Vaults:2: minmay_crypt_entry_necro_gods, v_misc_27, hangedman_vaults_river_flow,
          v_pattern_4, nicolae_vaults_shelves_hall, v_rooms_2,
          hangedman_vaults_slither, grunt_vaults_hallway_short, st_lines,
          v_misc_19, v_misc_8, ontoclasm_vaults_decontamination,
          layout_vaults_omnibox
Vaults:3: nicolae_vaults_an_arrangement, hangedman_vaults_stream,
          hangedman_vaults_stagger, ontoclasm_vaults_fault,
          nicolae_vaults_border_crossing, serial_ice_g,
          nicolae_vaults_network_quinsquares
          [nicolae_vaults_network_quincunx_subvault,
          nicolae_vaults_network_quincunx_subvault,
          nicolae_vaults_network_quincunx_subvault,
          nicolae_vaults_network_quincunx_subvault], v_misc_29,
          vaults_dpeg_ring, layout_vaults_ring, basic_altar
Vaults:4: nicolae_vaults_network_star, nicolae_vaults_little_squares_3,
          vaults_room_door_hall, v_pattern_2, hangedman_vaults_corner,
          vaults_room_grid, grunt_vaults_bifocal,
          vaults_room_hangedman_quadrants, vaults_mumra_hex, v_misc_8,
          vaults_room_corners, serial_ice_m, v_alt_pattern_3,
          nicolae_vaults_little_squares_3, layout_vaults_omnicross
Vaults:5: serial_shops, uniq_mara, uniq_jory

Skill      XL: |  1  2  3  4  5  6  7  8  9 10 11 12 13 14 15 16 17 18 19 20 21 22 23 |
---------------+----------------------------------------------------------------------+-----
Dodging        | 1 2 3 4 6 7 8 9 10 11 12 13 14 15 16 17 | 17.4
Maces & Flails | 3 4 5 7 9 10 11 12 13 14 15 16 17 18 19 20 | 20.6
Fighting       | 4 5 6 7 8 10 11 12 13 14 15 16 17 18 | 18.8
Armour         | 4 5 6 7 8 10 11 12 13 14 15 16 17 18 | 18.8
Spellcasting   | 2 3 5 6 7 |  7.7
Shields        | 5 6 8 9 10 11 12 | 12.3
Evocations     | 1 2 |  2.5

Action                   |  1- 3 |  4- 6 |  7- 9 | 10-12 | 13-15 | 16-18 | 19-21 | 22-24 || total
-------------------------+-------+-------+-------+-------+-------+-------+-------+-------++-------
Melee: Flail             |   190 |       |       |       |       |       |       |       ||   190
       Mace              |    34 |   158 |   559 |  1240 |   780 |       |       |       ||  2771
       Morningstar       |       |       |   107 |       |   553 |  1777 |  2001 |   708 ||  5146
       Unarmed           |       |       |       |    21 |       |       |       |       ||    21
       Dire flail        |       |       |       |   342 |   415 |       |       |       ||   757
Throw: Throwing net      |       |       |       |       |     1 |       |       |       ||     1
Invok: Curse Item        |       |       |       |       |       |       |     6 |       ||     6
 Abil: Fly               |       |       |       |       |       |     1 |       |       ||     1
Evoke: Wand              |       |       |       |     5 |       |    21 |       |     1 ||    27
  Use: Scroll            |     3 |     2 |     5 |     9 |    12 |     3 |     6 |     7 ||    47
       Potion            |     1 |     3 |     1 |     5 |     9 |     6 |     1 |    13 ||    39
 Stab: Held in net/web   |       |       |       |       |     1 |     1 |       |       ||     2
       Invisible         |       |       |       |       |     3 |     4 |       |       ||     7
       Confused          |       |       |       |       |       |     3 |       |       ||     3
       Sleeping          |       |       |       |       |       |       |     7 |     2 ||     9
       Distracted        |       |       |       |       |       |       |     1 |       ||     1
  Eat: Chunk             |     2 |     4 |    22 |    37 |    34 |    30 |    28 |    14 ||   171
       Ration            |       |       |     4 |     4 |     4 |     3 |     3 |     1 ||    19
Armor: Scale mail        |   204 |    89 |   385 |       |       |       |       |       ||   678
       Skin              |       |    34 |       |       |       |       |       |       ||    34
       Chain mail        |       |       |   231 |   918 |       |       |       |       ||  1149
       Plate armour      |       |       |       |   212 |   753 |       |       |       ||   965
       Ring mail         |       |       |       |       |   264 |  1400 |   547 |   410 ||  2621
Dodge: Dodged            |   196 |    94 |   497 |   814 |   993 |  1796 |   961 |   595 ||  5946
Block: Shield            |       |       |       |       |       |  1055 |  1291 |   723 ||  3069
       Reflection        |       |       |       |       |       |     5 |   110 |    30 ||   145

Table legend:
 A = Non-vault XP
 B = Vault XP
 C = Vault XP percentage of total XP
 D = Non-vault monster count
 E = Vault monster count
 F = Vault count percentage of total count
                 A         B        C        D         E       F
            +---------+---------+-------+---------+---------+-------
      Total |  333924 |  414748 |  55.4 |     986 |     750 |  43.2
            +---------+---------+-------+---------+---------+-------
        D:1 |      33 |       0 |   0.0 |      21 |       0 |   0.0
        D:2 |      46 |      22 |  32.4 |      15 |       6 |  28.6
        D:3 |      73 |     532 |  87.9 |      12 |       5 |  29.4
        D:4 |     417 |     337 |  44.7 |      15 |      22 |  59.5
        D:5 |     498 |     711 |  58.8 |      17 |      11 |  39.3
        D:6 |     937 |     736 |  44.0 |      29 |       5 |  14.7
        D:7 |    1742 |       0 |   0.0 |      29 |       0 |   0.0
        D:8 |     664 |     603 |  47.6 |      17 |       7 |  29.2
        D:9 |    2968 |     836 |  22.0 |      26 |      31 |  54.4
       D:10 |    4716 |    1781 |  27.4 |      40 |       8 |  16.7
       D:11 |    2902 |       0 |   0.0 |      25 |       0 |   0.0
       D:12 |    2577 |     278 |   9.7 |      10 |       7 |  41.2
       D:13 |    5966 |    7950 |  57.1 |      33 |      26 |  44.1
       D:14 |    4514 |    1375 |  23.3 |      12 |       2 |  14.3
       D:15 |    1373 |   10855 |  88.8 |       8 |      17 |  68.0
     Lair:1 |    6320 |    5118 |  44.7 |      24 |      11 |  31.4
     Lair:2 |    2041 |    1237 |  37.7 |       3 |       3 |  50.0
     Lair:3 |    2237 |     923 |  29.2 |       8 |       1 |  11.1
     Lair:4 |    5620 |    5672 |  50.2 |      15 |      20 |  57.1
     Lair:5 |    5216 |    3733 |  41.7 |      18 |       9 |  33.3
     Lair:6 |    8594 |   13686 |  61.4 |      27 |      57 |  67.9
    Swamp:1 |   16242 |    1625 |   9.1 |      35 |       1 |   2.8
    Swamp:2 |   14308 |     398 |   2.7 |      30 |       1 |   3.2
    Swamp:3 |   13404 |    2355 |  14.9 |      32 |       3 |   8.6
    Swamp:4 |   16115 |   29750 |  64.9 |      28 |      39 |  58.2
   Spider:1 |    5980 |    8977 |  60.0 |      13 |      38 |  74.5
   Spider:2 |   11027 |    5902 |  34.9 |      32 |      10 |  23.8
   Spider:3 |   19532 |    8100 |  29.3 |      65 |      12 |  15.6
   Spider:4 |    7812 |   19819 |  71.7 |      26 |      30 |  53.6
      Orc:1 |    1343 |    8884 |  86.9 |      26 |       9 |  25.7
      Orc:2 |    2307 |   16106 |  87.5 |      16 |      66 |  80.5
      Elf:1 |   17111 |    8292 |  32.6 |      31 |      10 |  24.4
      Elf:2 |   16536 |   41658 |  71.6 |      30 |      51 |  63.0
      Elf:3 |   13514 |   47594 |  77.9 |      21 |      33 |  61.1
   Vaults:1 |    9777 |   30998 |  76.0 |      22 |      48 |  68.6
   Vaults:2 |   33598 |   18595 |  35.6 |      61 |      35 |  36.5
   Vaults:3 |   35408 |   21940 |  38.3 |      63 |      28 |  30.8
   Vaults:4 |   37652 |   69125 |  64.7 |      46 |      73 |  61.3
   Vaults:5 |    2554 |   14713 |  85.2 |       4 |      10 |  71.4
   Gauntlet |     250 |    3532 |  93.4 |       1 |       5 |  83.3
            +---------+---------+-------+---------+---------+-------
